 Dungeon Crawl Stone Soup version 0.26.1-11-gd32895ea62 (webtiles) character file.

Game seed: 2104584498462685433

552 H0rd4k the Insei (level 7, -1/43 HPs)
             Began as an Octopode Transmuter on July 15, 2021.
             Killed from afar by Sigmund (6 damage)
             ... with a magic dart
             ... on level 4 of the Dungeon.
             The game lasted 00:05:55 (5528 turns).

H0rd4k the Insei (Octopode Transmuter)              Turns: 5528, Time: 00:05:56

Health: -1/43      AC:  2    Str: 10    XL:     7   Next: 29%
Magic:  9/11       EV: 21    Int: 17    God:
Gold:   317        SH:  0    Dex: 17    Spells: 8/12 levels left

rFire    + . .     SeeInvis .     - Unarmed
rCold    x . .     Faith    .   (shield currently unavailable)
rNeg     . . .     Spirit   .   (helmet currently unavailable)
rPois    .         Reflect  .   (no amulet)
rElec    .         Harm     .   a - ring of poison resistance
rCorr    .         Rampage  .   b - ring of fire
Will     .....                  (no ring)
Stlth    +.........             (no ring)
HPRegen  0.14/turn              (no ring)
MPRegen  0.12/turn              (no ring)
                                (no ring)
                                (no ring)

@: confused, spider-form (expiring)
A: tiny, almost no armour, stealthy swim, (amphibious), 8 rings, (constrict 8)
a: End Transformation


You were on level 4 of the Dungeon.
You were a venomous arachnid creature.
You visited 1 branch of the dungeon, and saw 4 of its levels.
You also visited: Sewer.

You collected 317 gold pieces.

Inventory:

Jewellery
 a - a ring of poison resistance (left front leg)
 b - a ring of fire (right front leg)
Wands
 f - a wand of polymorph (8)
 j - a wand of random effects (32)
Scrolls
 h - 7 scrolls of remove curse
 i - 2 scrolls of random uselessness {unknown}
 o - 2 scrolls of teleportation
 p - 2 scrolls of identify
 r - a scroll of magic mapping {unknown}
 t - a scroll of blinking {unknown}
 u - a scroll of noise {unknown}
Potions
 c - a potion of haste
 d - a potion of berserk rage {unknown}
 e - a potion of invisibility {unknown}
 g - a potion of mutation {unknown}
 k - a potion of attraction {unknown}
 l - a potion of cancellation {unknown}
 m - a potion of magic {unknown}
 n - 5 potions of flight
 q - a potion of resistance {unknown}
 s - a potion of heal wounds {unknown}


   Skills:
 + Level 1.2 Fighting
 + Level 3.1 Dodging
 - Level 0.4 Stealth
 + Level 6.0 Unarmed Combat
 * Level 3.0 Spellcasting
 * Level 3.3 Transmutations
 - Level 2.6 Poison Magic
 + Level 0.5 Evocations


You had 8 spell levels left.
You knew the following spells:

 Your Spells              Type           Power        Failure   Level
a - Beastly Appendage     Tmut           26%          13%         1
b - Spider Form           Tmut/Pois      6%           34%         3

Your spell library contained the following spells:

 Spells                   Type           Power        Failure   Level
 Wereblood                Tmut           13%          19%         2
 Ice Form                 Ice/Tmut       8%           83%         4
 Blade Hands              Tmut           6%           90%         5


Dungeon Overview and Level Annotations

Branches:
Dungeon (4/15)              Sewer (visited)
 Temple: D:4-7

Altars:

Annotations:
D:4 Menkaure, Sigmund


Innate Abilities, Weirdness & Mutations

You cannot wear most types of armour.
You are very stealthy in the water. (Stealth+)
((You are amphibious.))
You can wear up to eight rings at the same time.
((You can use your tentacles to constrict eight enemies at once.))
((Your skin changes colour to match your surroundings (Stealth+).))
((Your rubbery body absorbs attacks. (AC +1, EV +1)))


Message History

Your transformation is almost over.
Sigmund points at you and mumbles some strange words.
You are confused.
Sigmund barely misses you.
Menkaure calls on the powers of darkness!
Sigmund convulses!
Your body is wracked with pain!
Menkaure calls on the powers of darkness!
Sigmund convulses!
Your body is wracked with pain!
* * * LOW HITPOINT WARNING * * *
Sigmund misses you.
The frilled lizard completely misses you.
Sigmund hits you from afar with a +0 scythe.
* * * LOW HITPOINT WARNING * * *
The frilled lizard barely misses you.
Menkaure calls on the powers of darkness!
Sigmund convulses!
Your body is wracked with pain!
* * * LOW HITPOINT WARNING * * *
Sigmund gestures at you while chanting. The magic dart hits you.
You die...

#### ########...#
#..<.......## ###
##...........# ##.##
#...sl.......#
#...####.......#..(#
###..>...#.....@......
##.#..................#
###..#...................
##..............#.........
#..............##.....M...
#...#.........###.........
##..#..........#..........


You could see Sigmund, Menkaure and a frilled lizard.

Vanquished Creatures
  A phantom (D:4)
  A hound (D:4)
  An orc wizard (D:4)
  2 merfolk sirens (Sewer)
  3 worker ants (D:4)
  A merfolk avatar (Sewer)
  Robin (D:3)
  10 adders
  2 river rats
  An ooze (D:2)
  A worm (D:3)
  A dart slug (D:2)
  10 leopard geckos
  6 orcs
  4 ball pythons (Sewer)
  5 bats
  7 giant cockroaches
  16 goblins
  8 hobgoblins
  8 jackals
  8 kobolds
  2 quokkas
  10 frilled lizards
  A quokka skeleton (D:4)
  27 rats
137 creatures vanquished.

Notes
Turn   | Place    | Note
-------+----------+-------------------------------------------
     0 | D:1      | H0rd4k the Octopode Transmuter began the quest for the Orb.
     0 | D:1      | Reached XP level 1. HP: 13/13 MP: 3/3
   205 | D:1      | Reached XP level 2. HP: 18/18 MP: 5/5
   329 | D:1      | You fall into a shaft and drop 1 floor!
   522 | D:2      | Reached skill level 4 in Unarmed Combat
   522 | D:2      | Reached XP level 3. HP: 16/23 MP: 6/6
   526 | D:2      | Learned a level 3 spell: Spider Form
  1285 | D:1      | You fall into a shaft and drop 1 floor!
  1510 | D:2      | Reached XP level 4. HP: 24/28 MP: 3/7
  3002 | D:3      | Reached skill level 1 in Poison Magic
  3328 | D:3      | Reached XP level 5. HP: 27/33 MP: 8/8
  3749 | D:4      | Noticed Robin
  3749 | D:4      | Noticed a phantom
  3766 | D:3      | Killed Robin
  3848 | D:4      | Reached skill level 5 in Unarmed Combat
  3913 | D:4      | Reached XP level 6. HP: 29/38 MP: 6/9
  3928 | D:4      | Found a glowing drain.
  3934 | Sewer    | Entered a sewer
  5237 | D:4      | Killed a phantom
  5238 | D:4      | Reached XP level 7. HP: 33/43 MP: 9/11
  5307 | D:4      | Reached skill level 6 in Unarmed Combat
  5519 | D:4      | Noticed Sigmund
  5521 | D:4      | Noticed Menkaure
  5528 | D:4      | Killed from afar by Sigmund

Illustrated notes

Levels and vault maps discovered:
D:1:      wander_arrival_fairy_ring, layout_basic
D:2:      layout_basic, minmay_misc_feat_iff
D:3:      layout_basic, serial_forest, infiniplex_forest_fountain,
          infiniplex_forest_corner_2, infiniplex_forest_lined_corner,
          infiniplex_forest_end_3, infiniplex_forest_zigzag_2,
          infiniplex_forest_clump_diagonal, infiniplex_forest_diagonal,
          chequers_hall_statues_y
D:4:      layout_cave_pools, yredelemnul_forgotten_temple_becter,
          gup_sewer_entry_bubbles, biasface_ghost_orc_armoury, uniq_sigmund,
          uniq_menkaure, uniq_robin

Skill      XL: |  1  2  3  4  5  6  7 |
---------------+----------------------+-----
Unarmed Combat | 4 5 6 |  6.0
Poison Magic   | 1 2 |  2.6
Transmutations | 3 |  3.3
Dodging        | 3 |  3.1
Spellcasting   | 3 |  3.0
Fighting       | |  1.2
Stealth        | |  0.4
Evocations     | |  0.5

Action                   |  1- 3 |  4- 6 |  7- 9 || total
-------------------------+-------+-------+-------++-------
Melee: Unarmed           |    93 |   192 |    18 ||   303
       Constrict         |    26 |    33 |     4 ||    63
       Tentacles         |    16 |    20 |     3 ||    39
       Punch             |     4 |     3 |       ||     7
 Cast: Spider Form       |     1 |     9 |     2 ||    12
Evoke: Wand              |       |     6 |       ||     6
  Use: Scroll            |       |     4 |       ||     4
 Stab: Sleeping          |     3 |    22 |       ||    25
Armor: Skin              |    13 |     4 |     2 ||    19
Dodge: Dodged            |    61 |   128 |    20 ||   209
